AoeStats
← Aśoka

Hill Fort

506462872Analyzed
2v2 RM · 17d ago on Sep 13, 2026· 34m 59s· 4 players
Game mode
Random Map
Map size
Medium (4 player)
Population
200
Speed
Normal
Resources
Standard
Victory
Conquest
Starting age
Dark Age
Ending age
Imperial Age
RankedLock teamsTeams togetherTeam positionsShared explorationLock speedFull tech treeHidden civsTurbo modeCheats
Victory
Defeat
🇮🇳 Vietnamese · India
853
+13
🇺🇸 Franks · United States
807
+15
🇩🇪 Gurjaras · Germany
800
-15
🇨🇳 Cumans · China
764
-29
julian_venom
czz
0:38 Loom
13:56 Feudal Age
14:32 Gold Mining
14:35 Stone Mining
15:10 Horse Collar
15:29 Man-at-Arms
18:44 Town Watch
22:30 Wheelbarrow
22:45 Double-Bit Axe
32:02 Castle Age
Aśoka
10:59 Feudal Age
9:17 Loom
17:45 Castle Age
18:19 Wheelbarrow
17:34 Double-Bit Axe
20:16 Forging
20:52 Bow Saw
23:11 Scale Barding Armor
23:21 Husbandry
24:37 Iron Casting
25:30 Stone Mining
25:31 Gold Mining
30:31 Chain Barding Armor
34:42 Gold Shaft Mining
Sykik
3:05 Loom
11:54 Feudal Age
12:53 Horse Collar
13:05 Double-Bit Axe
16:43 Castle Age
15:10 Horse Collar
17:59 Bow Saw
17:53 Heavy Plow
23:36 Forging
25:16 Bloodlines
25:07 Husbandry
24:51 Crossbowman
24:52 Elite Skirmisher
26:56 Thumb Ring
28:01 Scale Barding Armor
28:32 Iron Casting
35:22 Imperial Age
Connection lost

Rejoining the realm…

Still unreachable

The connection could not be restored.

Session expired

The server has moved on; the page needs a fresh start.